[Event "Titled Tuesday Blitz July 6 2021"]
[White "Bordi, Kevin"]
[Black "Isajevsky, Anton"]
[WhiteFideId "621862"]
[BlackFideId "4142500"]
[WhiteElo "2753"]
[BlackElo "2510"]
[Result "1-0"]
[Round "02"]
[TimeControl "180+1"]
[Date "2021.07.06"]
[WhiteClock "0:00:15"]
[BlackClock "0:00:07"]

1. d4 d5 2. Bf4 Nf6 3. e3 e6 4. Nf3 Bd6 5. Bg3 b6 6. c3 O-O 7. Ne5 c5 8. f4 Ne4 9. Nd2 f5 10. Nxe4 fxe4 11. Qg4 Qe8 12. Be2 Ba6 13. Bxa6 Nxa6 14. O-O Nc7 15. f5 exf5 16. Rxf5 Rxf5 17. Qxf5 Qe6 18. Rf1 cxd4 19. cxd4 Qxf5 20. Rxf5 Rc8 21. Nc6 Nb5 22. Bxd6 Nxd6 23. Ne7+ Kh8 24. Nxc8 Nxf5 25. Kf2 Kg8 26. Nxa7 Nd6 27. Nc6 Kf7 28. b3 Ke6 29. a4 g5 30. Nb4 h5 31. Kg3 Nf5+ 32. Kf2 Nd6 33. Na2 Nb7 34. b4 Nd6 35. Nc3 Nc4 36. Ke2 Kd6 37. Nb5+ Ke6 38. Nc3 Kd6 39. Nb1 Nb2 40. a5 bxa5 41. bxa5 Nc4 42. a6 Kc6 43. Nc3 Nb6 44. h4 gxh4 45. Kf2 Nc4 46. a7 Nb6 47. Kg1 Kb7 48. a8=Q+ Kxa8 49. Kh2 Kb7 50. Kh3 Kc6 51. Kxh4 Nc4 52. Nd1 Kd6 53. Kxh5 Ke6 54. g4 Kf6 55. Kh6 Kf7 56. g5 Nd6 57. Kh7 Nf5 58. g6+ Kf6 59. Nf2 Kg5 60. g7 Nxg7 61. Kxg7 Kh4 62. Kf6 Kg3 63. Nd1 Kf3 64. Ke5 Ke2 65. Kxd5 Kd2 66. Kxe4 Ke2 67. d5 1-0


[Site "https://www.chess.com"]

[Event "Titled Tuesday Blitz July 6 2021"]
[White "Brunner, Nicolas"]
[Black "Moroni, Luca Jr"]
[WhiteFideId "620246"]
[BlackFideId "865834"]
[WhiteElo "2372"]
[BlackElo "2491"]
[Result "0-1"]
[Round "02"]
[TimeControl "180+1"]
[Date "2021.07.06"]
[WhiteClock "0:00:38"]
[BlackClock "0:00:19"]

1. d4 g6 2. e4 Bg7 3. Nc3 d6 4. Bc4 Nf6 5. Nf3 O-O 6. O-O Nxe4 7. Bxf7+ Rxf7 8. Nxe4 Nc6 9. c3 h6 10. h3 Be6 11. Re1 Bd5 12. Bd2 Qd7 13. Qe2 Raf8 14. Rad1 Rxf3 15. gxf3 Qxh3 16. f4 Bxd4 17. Bc1 Bxe4 18. Qxe4 Qg3+ 19. Kh1 Qh3+ 20. Kg1 Qg3+ 21. Kh1 Qh4+ 22. Kg2 Qxf2+ 23. Kh3 Rf5 24. Qxf5 gxf5 25. cxd4 Nxd4 26. Be3 Qf3+ 27. Kh2 Ne2 28. Rg1+ Kf7 29. Bxa7 Qxf4+ 30. Kg2 Nxg1 31. Bxg1 Qg4+ 0-1


[Site "https://www.chess.com"]

[Event "Titled Tuesday Blitz July 6 2021"]
[White "Chernomordik, Pavel"]
[Black "Dobrov, Vladimir"]
[WhiteFideId "2804530"]
[BlackFideId "4136594"]
[WhiteElo "2273"]
[BlackElo "2614"]
[Result "0-1"]
[Round "02"]
[TimeControl "180+1"]
[Date "2021.07.06"]
[WhiteClock "0:00:02"]
[BlackClock "0:00:13"]

1. e4 c5 2. Nc3 Nc6 3. Bb5 Nd4 4. Bc4 g6 5. Nge2 Bg7 6. Nxd4 cxd4 7. Qf3 f5 8. Ne2 Qa5 9. O-O e6 10. d3 Ne7 11. c3 O-O 12. Bb3 fxe4 13. Qxe4 d5 14. Qg4 e5 15. Qg5 Bf6 16. Qd2 dxc3 17. bxc3 Be6 18. f4 Qb6+ 19. Kh1 Bg7 20. Ba3 Rfe8 21. fxe5 Bxe5 22. Nf4 Bf7 23. Bxe7 Rxe7 24. Nxd5 Bxd5 25. Bxd5+ Kg7 26. d4 Bc7 27. Qg5 Rae8 28. Bb3 Qd6 29. g3 Qc6+ 30. Qd5 Qxc3 31. Rf7+ Kh6 32. Raf1 Bb6 33. Rxe7 Rxe7 34. Qg8 Qxd4 35. Qf8+ Rg7 36. Qf4+ Qxf4 37. Rxf4 Rd7 38. Kg2 Kg7 39. h4 Bc5 40. Rc4 b6 41. Rc2 Rd3 42. Re2 Bd6 43. g4 Rg3+ 44. Kf2 Rxg4 45. Kf3 Rxh4 46. Rd2 Rf4+ 47. Ke3 Rf6 48. Ke4 h5 49. Kd5 Bc5 50. Re2 g5 51. Re5 Rd6+ 52. Ke4 Kg6 53. Re8 g4 54. Rg8+ Kf6 55. Rf8+ Kg5 56. Rf5+ Kh4 57. Bf7 Rh6 0-1


[Site "https://www.chess.com"]

[Event "Titled Tuesday Blitz July 6 2021"]
[White "Ciorgovean, Iustin"]
[Black "Riazantsev, Alexander"]
[WhiteFideId "1242911"]
[BlackFideId "4125029"]
[WhiteElo "2075"]
[BlackElo "2497"]
[Result "0-1"]
[Round "02"]
[TimeControl "180+1"]
[Date "2021.07.06"]
[WhiteClock "0:00:33"]
[BlackClock "0:00:15"]

1. d4 d5 2. c4 c6 3. Nf3 dxc4 4. e3 Be6 5. Be2 Nf6 6. O-O g6 7. Nbd2 b5 8. Qc2 Bh6 9. b3 cxb3 10. axb3 a5 11. Ne5 O-O 12. Nxc6 Nxc6 13. Qxc6 Bd7 14. Qc5 Rc8 15. Qa3 Nd5 16. Qxa5 Qxa5 17. Rxa5 Nxe3 18. Nf3 Nf5 19. Bxh6 Nxh6 20. Bxb5 Bxb5 21. Rxb5 Nf5 22. Rd1 Rc2 23. h3 Rb2 24. d5 Rc8 25. Rd2 Rxd2 26. Nxd2 Nd6 27. Rb4 Rc1+ 28. Kh2 Rc2 29. Ne4 Nxe4 30. Rxe4 Kf8 31. Kg3 Rd2 32. Re1 Rd3+ 33. Re3 Rxd5 34. b4 Rb5 35. Rb3 e5 36. Kf3 Ke7 37. Ke4 Ke6 38. Kd3 Kd5 39. Kc3 Rb7 40. Ra3 f5 41. Ra5+ Ke4 42. b5 Rc7+ 43. Kb4 Rc2 44. b6 Rxf2 45. Rb5 Rb2+ 46. Ka4 Ra2+ 47. Kb4 Ra8 48. b7 Rb8 49. Ka5 Kf4 50. Kb6 e4 51. Ka7 Rf8 52. b8=Q+ Rxb8 53. Rxb8 Kg3 54. Rb2 f4 55. Kb6 f3 56. gxf3 exf3 57. Kc5 f2 58. Rb1 Kxh3 0-1


[Site "https://www.chess.com"]

[Event "Titled Tuesday Blitz July 6 2021"]
[White "Dang, Hoang Son"]
[Black "Deviprasath, Sharvesh"]
[WhiteFideId "12402435"]
[BlackFideId "30938228"]
[WhiteElo "2248"]
[BlackElo "2102"]
[Result "1-0"]
[Round "02"]
[TimeControl "180+1"]
[Date "2021.07.06"]
[WhiteClock "0:00:52"]
[BlackClock "0:00:01"]

1. d4 Nf6 2. c4 g6 3. Nc3 Bg7 4. e4 d6 5. Nf3 O-O 6. Be2 Nbd7 7. O-O e5 8. dxe5 dxe5 9. Be3 c6 10. h3 Nh5 11. Qd6 Nf4 12. Rfd1 Re8 13. Bxf4 exf4 14. Qxf4 Qe7 15. Rac1 Nc5 16. e5 Bf5 17. g4 Bc8 18. Bf1 Ne6 19. Qe3 Nc5 20. b4 Nd7 21. c5 Nxe5 22. Nxe5 Bxe5 23. Ne4 f5 24. Nd6 Bxd6 25. cxd6 Qxe3 26. fxe3 Bd7 27. gxf5 gxf5 28. Bc4+ Kh8 29. Kf2 Re5 30. Rd4 Rd8 31. Rc3 Be6 32. Be2 Bd5 33. b5 Rxd6 34. Ra3 cxb5 35. Rxa7 1-0


[Site "https://www.chess.com"]

[Event "Titled Tuesday Blitz July 6 2021"]
[White "De Silva, L M S T"]
[Black "Muradov, Soltan"]
[WhiteFideId "9953698"]
[BlackFideId "14002108"]
[WhiteElo "1621"]
[BlackElo "1854"]
[Result "1-0"]
[Round "02"]
[TimeControl "180+1"]
[Date "2021.07.06"]
[WhiteClock "0:01:56"]
[BlackClock "0:01:09"]

1. Nf3 Nf6 2. c4 e6 3. g3 c5 4. Bg2 Nc6 5. O-O b6 6. b3 Bb7 7. Bb2 Be7 8. d4 cxd4 9. Nxd4 Qc7 10. Nb5 Qb8 11. Nd2 a6 12. Nc3 O-O 13. Nce4 Nxe4 14. Nxe4 Rd8 15. Qd2 f6 16. Rfd1 d5 17. cxd5 Rxd5 18. Nxf6+ Bxf6 19. Bxd5 Nd8 20. Bxb7 Qxb7 21. Bxf6 gxf6 22. Qd7 Qe4 23. Qe8+ Kg7 24. Rxd8 1-0


[Site "https://www.chess.com"]

[Event "Titled Tuesday Blitz July 6 2021"]
[White "Della Morte, German"]
[Black "Kamsky, Gata"]
[WhiteFideId "113522"]
[BlackFideId "2000024"]
[WhiteElo "2363"]
[BlackElo "2644"]
[Result "0-1"]
[Round "02"]
[TimeControl "180+1"]
[Date "2021.07.06"]
[WhiteClock "0:01:13"]
[BlackClock "0:01:39"]

1. e4 c5 2. Nf3 e6 3. d4 cxd4 4. Nxd4 a6 5. Bd3 Nf6 6. O-O d6 7. c4 b6 8. Nc3 Bb7 9. f4 Be7 10. Qe2 O-O 11. g4 g6 12. g5 Nh5 13. f5 exf5 14. exf5 Bxg5 15. fxg6 Bxc1 16. gxh7+ Kh8 17. Qxh5 Be3+ 18. Rf2 Bxd4 19. Qh6 Nd7 20. Kf1 Bxf2 21. Kxf2 Qf6+ 22. Qxf6+ Nxf6 0-1


[Site "https://www.chess.com"]

[Event "Titled Tuesday Blitz July 6 2021"]
[White "Do Nascimento,Christian Almeida"]
[Black "Pakleza, Zbigniew"]
[WhiteFideId "2143801"]
[BlackFideId "1119290"]
[WhiteElo "2083"]
[BlackElo "2526"]
[Result "0-1"]
[Round "02"]
[TimeControl "180+1"]
[Date "2021.07.06"]
[WhiteClock "0:00:16"]
[BlackClock "0:00:09"]

1. d4 d6 2. e4 Nf6 3. Nc3 c6 4. f4 Qb6 5. Nf3 Bg4 6. Be2 Bxf3 7. Bxf3 e5 8. fxe5 dxe5 9. Ne2 Nbd7 10. O-O exd4 11. Nxd4 Ne5 12. Kh1 O-O-O 13. Be3 c5 14. c3 Nxf3 15. Qxf3 cxd4 16. Bxd4 Bc5 17. Qf5+ Nd7 18. Bxg7 Rhg8 19. Qxf7 Qg6 20. Qxg6 hxg6 21. Bd4 Bxd4 22. cxd4 Nb6 23. Rac1+ Kb8 24. d5 Rde8 25. Rce1 Re5 26. h3 Rge8 27. Rf6 g5 28. Rg6 Nxd5 29. Rd1 Nf4 30. Rg7 a6 31. Rdd7 Rb5 32. b3 Rxe4 33. a4 Rxb3 34. a5 Rb5 35. Rd8+ Ka7 36. Rdd7 Re2 0-1


[Site "https://www.chess.com"]

[Event "Titled Tuesday Blitz July 6 2021"]
[White "DraG0s3L"]
[Black "Vignesh, N R"]
[BlackFideId "25012215"]
[WhiteElo "2539"]
[BlackElo "2401"]
[Result "0-1"]
[Round "02"]
[TimeControl "180+1"]
[Date "2021.07.06"]
[WhiteClock "0:01:06"]
[BlackClock "0:01:44"]

1. c4 e6 2. e4 d5 3. exd5 exd5 4. cxd5 Nf6 5. Nc3 Nxd5 6. d4 Be7 7. Nf3 O-O 8. Be2 c5 9. O-O Nc6 10. Nxd5 Qxd5 11. dxc5 Qxd1 12. Rxd1 Bxc5 13. Be3 Bxe3 14. fxe3 Re8 15. Kf2 Be6 16. Bb5 Rec8 17. Rac1 Bxa2 18. Rd7 a6 19. Bxc6 bxc6 20. Ne5 Bd5 21. Rd6 Rab8 22. Rc2 f6 23. Nxc6 Bxc6 24. Rdxc6 Rxc6 25. Rxc6 Rxb2+ 26. Kf3 a5 27. Ra6 Rb5 28. Ra7 h5 29. h4 Re5 30. g3 Kh7 31. e4 Kg6 32. Kf4 Rb5 33. Kf3 Rb3+ 34. Kf4 Ra3 35. Ra6 Kh7 36. Ra7 Kg6 37. Ra6 Ra1 38. Kf3 Kh7 39. Ra7 a4 40. Kg2 a3 41. Kf2 Kg6 42. Kg2 Kh6 43. Kh2 Kh7 44. Kg2 Kg8 45. Kh2 Kf8 46. Kg2 a2 47. Kh2 Ke8 48. Kg2 Kd8 49. Kh2 Kc8 50. Kg2 Kb8 51. Ra3 Kc7 52. Ra8 Kd6 53. Ra5 Kc6 54. Kh2 Kb6 55. Ra8 Kc5 56. Ra4 Kb5 57. Ra8 Kc4 58. Kg2 Kd4 59. Ra4+ Ke3 60. Kh2 Kd3 61. Kg2 Ke3 62. Kh2 Rd1 63. Rxa2 Rd2+ 64. Rxd2 Kxd2 65. g4 hxg4 66. e5 fxe5 67. Kg3 e4 68. Kxg4 e3 69. Kg5 e2 70. Kg6 e1=Q 71. Kxg7 Qxh4 0-1


[Site "https://www.chess.com"]

[Event "Titled Tuesday Blitz July 6 2021"]
[White "Elgersma, Onno"]
[Black "Shahade, Gregory"]
[WhiteFideId "1053531"]
[BlackFideId "2009064"]
[WhiteElo "2487"]
[BlackElo "2733"]
[Result "0-1"]
[Round "02"]
[TimeControl "180+1"]
[Date "2021.07.06"]
[WhiteClock "0:00:16"]
[BlackClock "0:00:42"]

1. e4 e5 2. Nf3 Nc6 3. Bb5 a6 4. Ba4 Nf6 5. d3 b5 6. Bb3 Bc5 7. Nc3 h6 8. O-O d6 9. h3 O-O 10. a3 Re8 11. Nd5 Rb8 12. c3 Nxd5 13. Bxd5 Ne7 14. Ba2 Ng6 15. b4 Bb6 16. a4 c6 17. Re1 Qf6 18. axb5 axb5 19. d4 Nf4 20. Bxf4 Qxf4 21. Qd3 Be6 22. d5 cxd5 23. Bxd5 Bxh3 24. gxh3 Qg3+ 25. Kh1 Qxh3+ 26. Kg1 Qg3+ 27. Kh1 Bxf2 28. Qe2 Qh3+ 29. Nh2 Bxe1 30. Rxe1 Qxc3 31. Rf1 Re6 32. Bxe6 fxe6 33. Qg4 Qc4 34. Qg6 Rf8 35. Rxf8+ Kxf8 36. Nf3 Qf1+ 37. Ng1 Qf4 38. Qh7 Kf7 39. Qh8 Qxe4+ 40. Kh2 Qxb4 41. Qg8+ Kxg8 0-1


[Site "https://www.chess.com"]

[Event "Titled Tuesday Blitz July 6 2021"]
[White "Eternauta2400"]
[Black "Gunina, Valentina"]
[BlackFideId "4167570"]
[WhiteElo "2498"]
[BlackElo "2399"]
[Result "0-1"]
[Round "02"]
[TimeControl "180+1"]
[Date "2021.07.06"]
[WhiteClock "0:01:14"]
[BlackClock "0:01:00"]

1. d4 d5 2. c4 c6 3. cxd5 cxd5 4. Bf4 Nc6 5. e3 Nf6 6. Nc3 a6 7. Be2 Bf5 8. Nf3 e6 9. Qb3 Ra7 10. O-O Bd6 11. Bxd6 Qxd6 12. Rfc1 O-O 13. Na4 Nd7 14. Nc5 b5 15. Nxd7 Qxd7 16. Rc5 Be4 17. Rac1 Bxf3 18. Bxf3 Na5 19. Qc3 Nc4 20. b3 Nd6 21. Rc6 Rd8 22. Qc5 Nf5 23. Rc8 Ra8 24. Rxa8 Rxa8 25. e4 dxe4 26. Bxe4 Rd8 27. Bxf5 exf5 28. d5 g6 29. Rd1 Rc8 30. Qd4 Qd6 31. g3 Re8 32. Rc1 Rd8 33. Rc5 h5 34. h4 f4 35. Qxf4 Qxc5 0-1


[Site "https://www.chess.com"]

[Event "Titled Tuesday Blitz July 6 2021"]
[White "Eynullayev, Atilla"]
[Black "Jarovinsky, Alexey"]
[WhiteFideId "13413570"]
[BlackFideId "14115131"]
[WhiteElo "1997"]
[BlackElo "2446"]
[Result "0-1"]
[Round "02"]
[TimeControl "180+1"]
[Date "2021.07.06"]
[WhiteClock "0:00:07"]
[BlackClock "0:00:12"]

1. d4 Nc6 2. c4 e5 3. d5 Bb4+ 4. Nc3 Nce7 5. e4 Nf6 6. Bd3 O-O 7. Ne2 a6 8. a3 Bc5 9. b4 Ba7 10. O-O d6 11. a4 Ng6 12. Ba3 Nh5 13. a5 Nhf4 14. Nxf4 Nxf4 15. c5 Bh3 16. g3 Nxd3 17. Qxd3 Bxf1 18. Rxf1 Qd7 19. f4 exf4 20. gxf4 Rae8 21. Qd4 Qg4+ 22. Kh1 f5 23. Rg1 Qf3+ 24. Rg2 Rf6 25. Kg1 Qxf4 26. Bb2 Qe5 27. Qd2 Rg6 28. Rxg6 hxg6 29. Ne2 Qxe4 30. Qc3 Qe3+ 31. Qxe3 0-1


[Site "https://www.chess.com"]

[Event "Titled Tuesday Blitz July 6 2021"]
[White "Fiol, Fabrice"]
[Black "Vykouk, Jan"]
[WhiteFideId "611670"]
[BlackFideId "349658"]
[WhiteElo "2476"]
[BlackElo "2387"]
[Result "0-1"]
[Round "02"]
[TimeControl "180+1"]
[Date "2021.07.06"]
[WhiteClock "0:00:21"]
[BlackClock "0:00:47"]

1. e4 c5 2. Nf3 d6 3. d4 cxd4 4. Nxd4 Nf6 5. Nc3 a6 6. g3 e5 7. Nb3 b5 8. Bg2 b4 9. Nd5 Nxd5 10. exd5 a5 11. O-O Be7 12. Bd2 O-O 13. c3 a4 14. Nc1 a3 15. bxa3 bxa3 16. Nb3 Nd7 17. c4 Ba6 18. Na5 Bg5 19. Nc6 Qf6 20. f4 exf4 21. Bxf4 Bxf4 22. Rxf4 Qg5 23. Qd4 Ne5 24. Raf1 Rae8 25. Rf5 Qg4 26. R1f4 Qe2 27. Re4 Qxa2 28. Nxe5 dxe5 29. Rfxe5 Rxe5 30. Qxe5 Qb1+ 31. Re1 a2 32. d6 Bxc4 33. d7 Be6 34. Kf2 Bxd7 35. Be4 Qb6+ 36. Kg2 Bc6 37. Bxc6 Qxc6+ 38. Kh3 h6 39. g4 Ra8 40. Ra1 Qf6 41. Qxf6 gxf6 42. Kg3 Kg7 43. Kf4 Kg6 44. h4 h5 45. gxh5+ Kxh5 46. Kf5 Ra6 47. Kf4 Ra5 48. Kg3 f5 49. Kf4 f6 50. Kg3 Ra4 51. Kf3 Kxh4 52. Rh1+ Kg5 53. Rg1+ Kh5 54. Rh1+ Kg6 55. Rg1+ Kf7 56. Ra1 Ke6 57. Ke3 f4+ 58. Kf3 Kd5 59. Rd1+ Kc4 60. Rc1+ Kb3 61. Ra1 Kb2 62. Re1 a1=Q 63. Re2+ Kc3 64. Re4 Qf1+ 65. Kg4 Qg2+ 66. Kf5 Qxe4+ 67. Kxf6 Ra6+ 68. Kf7 Qb7+ 69. Ke8 f3 70. Kd8 f2 71. Ke8 f1=Q 72. Kd8 Kd4 73. Ke8 Ke5 74. Kd8 Ke6 75. Ke8 Qfb5+ 76. Kd8 Q5d7# 0-1


[Site "https://www.chess.com"]

[Event "Titled Tuesday Blitz July 6 2021"]
[White "Gontcharov, Vladislav"]
[Black "Plat, Vojtech"]
[WhiteFideId "4123492"]
[BlackFideId "325740"]
[WhiteElo "2503"]
[BlackElo "2486"]
[Result "1/2-1/2"]
[Round "02"]
[TimeControl "180+1"]
[Date "2021.07.06"]
[WhiteClock "0:00:02"]
[BlackClock "0:00:21"]

1. d4 d6 2. e4 Nf6 3. Nc3 e5 4. dxe5 dxe5 5. Qxd8+ Kxd8 6. Bc4 Be6 7. Bxe6 fxe6 8. f3 Bc5 9. Nh3 Nbd7 10. Nf2 a6 11. Nd3 Bd6 12. b3 Ke7 13. Bb2 b5 14. a4 c6 15. Ke2 Rhb8 16. Ra2 Nc5 17. Nxc5 Bxc5 18. axb5 axb5 19. Rha1 Rxa2 20. Nxa2 Nd7 21. Nc1 Bd4 22. Nd3 Kd6 23. Bxd4 exd4 24. Ra7 e5 25. h4 h6 26. h5 Rf8 27. g3 Re8 28. b4 Nf6 29. Rxg7 Nxh5 30. Rg6+ Re6 31. Rg8 Nf6 32. Rh8 Nd7 33. Rd8 Kc7 34. Rh8 Rf6 35. f4 exf4 36. gxf4 Rg6 37. f5 Rg2+ 38. Kf3 Rxc2 39. Rh7 Kd8 40. e5 Rd2 41. Ke4 Rh2 42. Kxd4 Rh4+ 43. Ke3 Rh3+ 44. Ke2 Rh5 45. f6 Nxe5 46. Nxe5 Rxe5+ 47. Kd3 Rf5 48. Rxh6 Kd7 49. Kd4 Kd6 50. f7+ Kd7 51. Rh7 Ke7 52. Rh6 Rf4+ 53. Kd3 Rc4 54. Rf6 Kf8 55. Kd2 Rxb4 56. Rxc6 Kxf7 57. Kc3 Rc4+ 58. Rxc4 bxc4 59. Kxc4 1/2-1/2


[Site "https://www.chess.com"]

[Event "Titled Tuesday Blitz July 6 2021"]
[White "Gracia Alvarez, Gerardo Antonio"]
[Black "Pohjala, Henri"]
[WhiteFideId "5109124"]
[BlackFideId "506478"]
[WhiteElo "2148"]
[BlackElo "2365"]
[Result "0-1"]
[Round "02"]
[TimeControl "180+1"]
[Date "2021.07.06"]
[WhiteClock "0:00:01"]
[BlackClock "0:00:06"]

1. e4 d5 2. exd5 Qxd5 3. Nc3 Qd6 4. d4 Nf6 5. Nb5 Qb6 6. c4 c6 7. Nc3 Bg4 8. Nf3 Bxf3 9. Qxf3 Qxd4 10. Be3 Qe5 11. O-O-O Nbd7 12. Kb1 e6 13. Bf4 Qh5 14. Qg3 Qg6+ 15. Bd3 Qxg3 16. hxg3 h6 17. f3 Be7 18. g4 Rg8 19. g5 hxg5 20. Bxg5 O-O-O 21. Bc2 Ne5 22. b3 Rxd1+ 23. Bxd1 Ned7 24. Bc2 Bd6 25. Ne4 Nxe4 26. Bxe4 f6 27. Be3 a6 28. Bg6 Ne5 29. Bc2 Kd7 30. Rh7 Ke7 31. Bd4 Kf7 32. Rh1 Bc7 33. Bxe5 Bxe5 34. Rd1 Ke7 35. Rh1 Rd8 36. g4 Rd2 37. Rf1 Bf4 38. Be4 Rh2 39. Bc2 Be5 40. Kc1 Bd4 41. Kd1 b5 42. Re1 Kd6 43. Re2 Rh1+ 44. Kd2 Ra1 45. Kd3 c5 46. cxb5 axb5 47. a4 bxa4 48. bxa4 Ra3+ 49. Kc4 Rxf3 50. a5 Ra3 51. Kb5 e5 52. Be4 c4 53. Kxc4 Rxa5 54. Rg2 Rc5+ 55. Kd3 Rc3+ 56. Kd2 Re3 57. Bf5 Ra3 58. Be4 Ra2+ 59. Kd3 Ra3+ 60. Kd2 Be3+ 61. Ke2 Bf4 62. Bd3 e4 63. Bc2 Ke5 64. Rg1 Re3+ 65. Kd1 Rc3 0-1


[Site "https://www.chess.com"]

[Event "Titled Tuesday Blitz July 6 2021"]
[White "Howell, David W L"]
[Black "Perez Rodriguez, Luis Manuel"]
[WhiteFideId "410608"]
[BlackFideId "3503364"]
[WhiteElo "2643"]
[BlackElo "2429"]
[Result "1-0"]
[Round "02"]
[TimeControl "180+1"]
[Date "2021.07.06"]
[WhiteClock "0:00:59"]
[BlackClock "0:00:38"]

1. e4 e5 2. Nc3 Nc6 3. f4 exf4 4. d4 Qh4+ 5. Ke2 d5 6. Nf3 Bg4 7. exd5 Nce7 8. Bxf4 O-O-O 9. Kd2 Qh5 10. h3 Nf6 11. Be2 Qf5 12. Be3 Bxf3 13. Bxf3 h5 14. Rf1 Qd7 15. Bg5 Re8 16. Bxf6 gxf6 17. Kc1 Bh6+ 18. Kb1 Nf5 19. Qd3 Re3 20. Qc4 Rhe8 21. a4 Nd6 22. Qc5 Kb8 23. Nb5 Nc8 24. Ka2 h4 25. Bg4 Qe7 26. Bxc8 Qxc5 27. dxc5 1-0


[Site "https://www.chess.com"]

[Event "Titled Tuesday Blitz July 6 2021"]
[White "Ibrahimli, Murad"]
[Black "Manukyan, Artyom"]
[WhiteFideId "13410229"]
[BlackFideId "13305786"]
[WhiteElo "2109"]
[BlackElo "2034"]
[Result "1-0"]
[Round "02"]
[TimeControl "180+1"]
[Date "2021.07.06"]
[WhiteClock "0:01:30"]
[BlackClock "0:00:13"]

1. Nf3 d5 2. g3 Nf6 3. Bg2 e6 4. O-O Be7 5. c4 O-O 6. d4 dxc4 7. Qc2 a6 8. a4 Bd7 9. Qxc4 Bc6 10. Bg5 Nbd7 11. Nc3 h6 12. Bxf6 Nxf6 13. Rfe1 Bd5 14. Qd3 Bxf3 15. Bxf3 c6 16. e3 a5 17. Kg2 Qd6 18. Qc2 Rfd8 19. Rad1 Rac8 20. h4 Qb4 21. Rd3 c5 22. d5 exd5 23. Bxd5 Nxd5 24. Rxd5 Bf6 25. Red1 Qc4 26. b3 Qg4 27. Ne4 Be7 28. Rxd8+ Bxd8 29. Nd6 Rb8 30. Nxb7 Be7 31. Nxa5 Qb4 32. Nc6 Qb7 33. Qe4 Bf6 34. Qf3 Rc8 35. Na5 Qb6 36. Qb7 Rb8 37. Qxb6 Rxb6 38. Rd5 Be7 39. Rd7 Bf6 40. Rb7 Ra6 41. Nc4 Bc3 42. Rb5 Bb4 43. h5 Kh7 44. g4 Re6 45. f4 Rc6 46. Kf3 Re6 47. e4 Rc6 48. e5 Rc7 49. Rb6 Rd7 50. Rd6 Rc7 51. Ke4 Rb7 52. Rb6 Rd7 53. Nd6 Rc7 54. Kd5 Ba3 55. Nc4 Bb4 56. f5 Rc8 57. e6 Rd8+ 58. Rd6 Rxd6+ 59. Nxd6 fxe6+ 60. fxe6 1-0


[Site "https://www.chess.com"]

[Event "Titled Tuesday Blitz July 6 2021"]
[White "Jakubowska, Anna"]
[Black "Bakalchuk, Johnatan"]
[WhiteFideId "1121952"]
[BlackFideId "2810301"]
[WhiteElo "2006"]
[BlackElo "2507"]
[Result "0-1"]
[Round "02"]
[TimeControl "180+1"]
[Date "2021.07.06"]
[WhiteClock "0:00:38"]
[BlackClock "0:00:05"]

1. e4 c6 2. d4 d5 3. e5 Bf5 4. Nd2 e6 5. Nb3 Nd7 6. a4 f6 7. exf6 Ngxf6 8. Nf3 Bd6 9. Bd3 O-O 10. Bxf5 exf5 11. O-O Ne4 12. Re1 Rf6 13. Bg5 Nxg5 14. Nxg5 Rh6 15. Nh3 Rxh3 16. gxh3 Qg5+ 17. Kf1 Nf6 18. Nd2 Qf4 19. Re6 Qxh2 20. Qf3 Rf8 21. Rae1 Ne4 22. Nxe4 fxe4 23. Qg2 Qf4 24. Ke2 Bc7 25. Rg1 Qf7 26. Kd1 g6 27. Qg4 Kh8 28. Rg2 Qg7 29. c3 Bb8 30. Qg5 Qf7 31. Rxg6 Qxg6 32. Qe7 Qf7 33. Qh4 Qf3+ 34. Kc1 Qxg2 35. Qh5 Qg6 36. Qh4 Qf6 37. Qh5 Qxf2 38. Kb1 e3 39. Qh6 e2 0-1


[Site "https://www.chess.com"]

[Event "Titled Tuesday Blitz July 6 2021"]
[White "Julianos82"]
[Black "Vakhlamov, Igor L."]
[BlackFideId "24126748"]
[WhiteElo "2354"]
[BlackElo "2416"]
[Result "0-1"]
[Round "02"]
[TimeControl "180+1"]
[Date "2021.07.06"]
[WhiteClock "0:00:15"]
[BlackClock "0:00:59"]

1. d4 d5 2. Bf4 c5 3. e3 Nc6 4. c3 Bf5 5. Nf3 e6 6. Bd3 Bxd3 7. Qxd3 Bd6 8. Nbd2 Bxf4 9. exf4 cxd4 10. Nxd4 Nge7 11. N2f3 O-O 12. O-O a6 13. Rfe1 g6 14. h4 Nxd4 15. Nxd4 Nc6 16. h5 Qf6 17. g3 Rac8 18. Nf3 Rfd8 19. Rad1 Qf5 20. hxg6 hxg6 21. Qxf5 gxf5 22. Ne5 Nxe5 23. fxe5 b5 24. a3 Rc4 25. Rd4 Rdc8 26. Red1 Kg7 27. Kf1 Kg6 28. Ke2 a5 29. Ke3 Kg5 30. f3 Rh8 31. Rxc4 bxc4 32. Rd2 Rh1 33. Rg2 Rd1 34. Ke2 Rd3 35. Rg1 f4 36. g4 Re3+ 37. Kf2 Rxe5 38. a4 Re3 39. Rh1 Rd3 40. Ke2 Re3+ 41. Kf2 e5 42. Rh5+ Kg6 43. Rf5 f6 44. Rh5 Rd3 45. Ke2 d4 46. cxd4 Rxd4 47. Rh8 Rd3 48. Rg8+ Kf7 49. Rc8 Rb3 50. Rxc4 Rxb2+ 51. Ke1 Ra2 52. Re4 Kg6 53. Kf1 Kg5 0-1


[Site "https://www.chess.com"]

[Event "Titled Tuesday Blitz July 6 2021"]
[White "Kapitanchuk, Tomas"]
[Black "Lortkipanidze, Nodar"]
[WhiteFideId "135046"]
[BlackFideId "13604058"]
[WhiteElo "1955"]
[BlackElo "2312"]
[Result "0-1"]
[Round "02"]
[TimeControl "180+1"]
[Date "2021.07.06"]
[WhiteClock "0:00:05"]
[BlackClock "0:00:12"]

1. e4 e6 2. d4 d5 3. Nd2 Nc6 4. Ngf3 Nf6 5. e5 Nd7 6. c3 f6 7. Bb5 fxe5 8. dxe5 Ndb8 9. O-O Be7 10. c4 O-O 11. cxd5 exd5 12. h3 a6 13. Bd3 Bf5 14. Nb3 Be4 15. Nfd4 Bxd3 16. Qxd3 Nxe5 17. Qe2 Qd6 18. f4 Nc4 19. Ne6 Rf6 20. f5 Nd7 21. Bf4 Qb6+ 22. Kh1 Bd6 23. Bg5 Rf7 24. Nd8 Rxd8 25. Bxd8 Nde5 26. Rae1 a5 27. f6 a4 28. Nc1 Qxb2 29. Qd1 Qd2 30. Qxa4 c6 31. Qa8 Rf8 32. fxg7 Re8 33. Nb3 Qh6 34. Qc8 Qxg7 35. Qf5 Rxd8 36. Nd4 Rf8 37. Qe6+ Kh8 38. Qxd6 Nxd6 39. Ne6 Rxf1+ 40. Rxf1 Qe7 41. Rf8+ Qxf8 42. Nxf8 d4 0-1


[Site "https://www.chess.com"]

[Event "Titled Tuesday Blitz July 6 2021"]
[White "Karttunen, Mika"]
[Black "Salem, A.R. Saleh"]
[WhiteFideId "502081"]
[BlackFideId "9301348"]
[WhiteElo "2343"]
[BlackElo "2642"]
[Result "1/2-1/2"]
[Round "02"]
[TimeControl "180+1"]
[Date "2021.07.06"]
[WhiteClock "0:00:19"]
[BlackClock "0:00:10"]

1. e4 c5 2. Nf3 d6 3. d4 cxd4 4. Nxd4 Nf6 5. Nc3 a6 6. Be2 e5 7. Nb3 Be7 8. O-O O-O 9. Be3 Be6 10. a4 Nbd7 11. Qd2 Rc8 12. a5 Qc7 13. Rfc1 Rfd8 14. Nd5 Bxd5 15. exd5 Ne4 16. Qb4 f5 17. f4 Re8 18. Nd2 exf4 19. Bxf4 Bf6 20. Bd3 Bxb2 21. Bxe4 Bxc1 22. Rxc1 fxe4 23. Nxe4 Nf6 24. Nxd6 Nxd5 25. Nxe8 Qxf4 26. Qxf4 Nxf4 27. Nd6 Rc6 28. Rf1 Ne2+ 29. Kf2 Rxc2 30. Ke3 g5 31. Ne4 Nf4 32. g3 Re2+ 33. Kf3 Rxh2 34. gxf4 gxf4 35. Kxf4 Ra2 36. Rg1+ Kf7 37. Rg5 Ra4 38. Rh5 Kg6 39. Rd5 h5 40. Rg5+ Kh6 41. Rd5 h4 42. Re5 h3 43. Kg3 Ra3+ 44. Kh2 Re3 45. Re8 Kg7 46. Re5 Kg6 47. Re7 Ra3 48. Re5 Re3 49. Rg5+ Kh6 50. Rg4 Ra3 51. Rh4+ Kg6 52. Rxh3 Rxa5 53. Rb3 Rb5 54. Rxb5 axb5 55. Kg3 b4 56. Kf3 Kf5 57. Ke3 Ke5 58. Nd2 Kd5 59. Kd3 b5 60. Nb3 Kc6 61. Kd4 Kd6 62. Ke4 Kc6 63. Kd4 Kd6 64. Ke4 Kc6 65. Ke5 Kd7 66. Kd5 Kc8 67. Kc5 Kd8 68. Kxb5 Kd7 69. Kxb4 1/2-1/2


[Site "https://www.chess.com"]

[Event "Titled Tuesday Blitz July 6 2021"]
[White "Khanin, Semen"]
[Black "Budiarti, Farah Yumna"]
[WhiteFideId "4111990"]
[BlackFideId "7107331"]
[WhiteElo "2521"]
[BlackElo "2467"]
[Result "0-1"]
[Round "02"]
[TimeControl "180+1"]
[Date "2021.07.06"]
[WhiteClock "0:00:53"]
[BlackClock "0:00:45"]

1. e4 c6 2. d4 d5 3. Nd2 dxe4 4. Nxe4 Bf5 5. Ng3 Bg6 6. h4 h6 7. Nf3 Nd7 8. h5 Bh7 9. Bd3 Bxd3 10. Qxd3 e6 11. Bd2 Ngf6 12. O-O-O Be7 13. Kb1 O-O 14. Ne4 Nxe4 15. Qxe4 Nf6 16. Qe2 Qd5 17. Bc1 Qe4 18. Qc4 b5 19. Qd3 b4 20. Ne5 c5 21. Qg3 cxd4 22. Bxh6 Qh7 23. Ng6 Rfe8 24. Rxd4 Qxh6 25. Rhd1 fxg6 26. hxg6 Nh5 27. Qg4 Bf6 28. Rd7 Qg5 29. Qe4 Qf5 30. Qb7 Qxg6 31. g3 Rac8 32. R1d3 Qf5 33. a3 bxa3 34. g4 Qxf2 35. Rd2 Qf1+ 36. Rd1 Qc4 37. gxh5 Qxc2+ 38. Ka2 axb2 39. Ka3 0-1


[Site "https://www.chess.com"]